 Dungeon Crawl Stone Soup version 0.30.1-3-gfc49f6343a (webtiles) character file.

Game seed: 15975577245441046784

9739 TheDoctor the Fighter (level 11, -4/95 HPs)
             Began as a Purple Draconian Berserker on July 30, 2023.
             Was a High Priest of Trog.
             Killed from afar by Fannar (38 damage)
             ... with a bolt of cold
             ... on level 11 of the Dungeon.
             The game lasted 00:24:02 (11551 turns).

TheDoctor the Fighter (Purple Draconian Berserker) Turns: 11551, Time: 00:24:02

Health: -4/95      AC:  9    Str: 24    XL:     11   Next: 27%
Magic:  11/11      EV: 14    Int:  7    God:    Trog [*****.]
Gold:   668        SH: 19    Dex: 17    Spells: 10/10 levels left

rFire   + . .        E - +4 long sword "Sillic" {flame, rF+}
rCold   . . .        I - +0 tower shield
rNeg    . . .        (body armour unavailable)
rPois   +            (helmet restricted)
rElec   .            s - +1 cloak
rCorr   .            (no gloves)
SInv    .            (no boots)
Will    +....        M - amulet of reflection
Stlth   ++           A - ring of poison resistance
HPRegen 0.35/turn    F - +6 ring of dexterity
MPRegen 0.12/turn

%: reflection
@: on berserk cooldown, slowed, very slow
A: breathe power, AC +7, unfitting armour, cold-blooded
a: Breathe Dispelling Energy, Renounce Religion, Berserk, Trog's Hand, Brothers
in Arms


You were on level 11 of the Dungeon.
You worshipped Trog.
Trog was extremely pleased with you.
You visited 2 branches of the dungeon, and saw 12 of its levels.

You collected 728 gold pieces.
You spent 60 gold pieces at shops.

Inventory:

Hand Weapons
 j - a +4 whip
 D - a +0 halberd of flaming
 E - the +4 long sword "Sillic" (weapon) {flame, rF+}
   (You found it on level 6 of the Dungeon)

   rF:        It protects you from fire.
 N - a +0 arbalest
Missiles
 c - 56 poisoned darts (quivered)
Armour
 s - a +1 cloak (worn)
 I - a +0 tower shield (worn)
Jewellery
 A - a ring of poison resistance (left hand)
 F - a +6 ring of dexterity (right hand)
 M - an amulet of reflection (around neck)
Wands
 t - a wand of quicksilver (4)
 z - a wand of paralysis (9)
 C - a wand of flame (8)
 G - a wand of roots (6)
Scrolls
 d - 3 scrolls of enchant weapon {unknown}
 f - 2 scrolls of fog
 h - a scroll of teleportation
 i - 2 scrolls of noise
 k - 4 scrolls of fear
 n - 2 scrolls of amnesia
 o - 2 scrolls of enchant armour
 u - 2 scrolls of immolation
 x - a scroll of poison {unknown}
 y - 2 scrolls of magic mapping {unknown}
 H - 2 scrolls of acquirement {unknown}
 J - 2 scrolls of identify
 K - a scroll of silence {unknown}
Potions
 a - 2 potions of invisibility {unknown}
 b - 5 potions of curing
 e - 3 potions of attraction {unknown}
 g - 3 potions of flight {unknown}
 l - a potion of might {unknown}
 m - 4 potions of lignification {unknown}
 p - 4 potions of brilliance
 q - 2 potions of magic {unknown}
 r - 5 potions of heal wounds
 v - 2 potions of degeneration {unknown}
 w - a potion of berserk rage {unknown}
 B - 2 potions of mutation {unknown}
 L - a potion of haste


   Skills:
 - Level 8.6 Fighting
 + Level 7.4 Long Blades
 - Level 3.6(5.7) Axes
 - Level 6.7(7.2) Maces & Flails
 - Level 8.4 Dodging
 + Level 4.9 Shields
 + Level 8.2 Evocations


You had 10 spell levels left.
You didn't know any spells.
Your spell library contained the following spells:

 Spells                   Type           Power      Damage    Failure   Level
 Sandblast                Erth           0%         2d4       94%         1
 Shock                    Conj/Air       0%         1d3       94%         1
 Passwall                 Tmut/Erth      0%         N/A       98%         2
 Stone Arrow              Conj/Erth      0%         3d7       100%        3
 Swiftness                Air            0%         N/A       100%        3
 Airstrike                Air            0%         2d(0-16)  100%        4


Dungeon Overview and Level Annotations

Branches:
Dungeon (11/15)            Temple (1/1) D:7            Lair (0/5) D:10
    Orc: D:9-12

Altars:
Ashenzari
Cheibriados
Dithmenos
Elyvilon
Fedhas
Gozag
Hepliaklqana
Kikubaaqudgha
Makhleb
Nemelex Xobeh
Okawaru
Qazlal
Ru
Sif Muna
Trog
Uskayaw
Vehumet
Wu Jian
Xom
Yredelemnul
Zin
The Shining One

Shops:
D:3 !

Annotations:
D:3 2 transporters, OlManJenkins's ghost, amateur HuRe
D:5 exclusion: downstairs
D:8 exclusions: ice statue and obsidian statue
D:11 Fannar


Innate Abilities, Weirdness & Mutations

You can breathe bolts of dispelling energy.
Your rich purple scales are hard. (AC +7)
You cannot fit into any form of body armour.
You are cold-blooded and may be slowed by cold attacks.


Message History

You feel as though you will be slow longer.
You block Fannar's attack.
You barely miss Fannar. You tail-slap Fannar.
Fannar is heavily wounded.
You block the ice beast's attack. You block Fannar's attack.
You slash Fannar! You burn Fannar.
Fannar is severely wounded.
You block the ice beast's attack.
Fannar gestures wildly while chanting.
Fannar drains the heat from the surrounding environment!
You feel as though you will be slow longer.
The ice beast completely misses you.
You closely miss Fannar. You tail-slap Fannar.
Fannar is severely wounded.
A troll comes into view.
Fannar points at you and mumbles some strange words.
The bolt of cold hits you!
The ice beast hits you but does no damage.
You hit Fannar but do no damage.
Fannar is severely wounded.
Fannar points at you and mumbles some strange words.
The bolt of cold misses you.
The ice beast hits you but does no damage.
Fannar casts a spell at you. The bolt of cold hits you!!
You closely miss Fannar. You tail-slap Fannar!
Fannar is almost dead.
The ice beast closely misses you. The troll bites you but does no damage.
The troll misses you. The troll claws you but does no damage.
You block Fannar's attack.
You barely miss Fannar.
Fannar is almost dead.
You are no longer berserk.
You are exhausted.
You feel as though you will be slow longer.
You block the ice beast's attack. The troll barely misses you.
The troll claws you. The troll claws you but does no damage.
Fannar casts a spell at you. The bolt of cold hits you!!!
You die...

.... ... #..# #### ...
##..###.. ... .
#...##..####.. ....
#...#..T...... ....#
##.....@e.#... .....
###......Y....... .....
#................. .......
##...............##..... #
#....##....#............##
#....##....#.#........ #.
#............##.......# ##
.........#..#.......#...##.
.........######.....###....


You could see Fannar, a troll and an ice beast (summoned).

Vanquished Creatures
  A two-headed ogre (D:9)
  2 unseen horrors (D:10)
  A kobold demonologist (D:9)
  2 trolls
  A wyvern (D:11)
  10 yaks
  A shadow (D:10)
  2 wraiths (D:10)
  A steam dragon (D:8)
  4 water moccasins
  Duvessa (D:5)
  4 sky beasts
  6 orc warriors
  An ice beast (D:7)
  3 wolves (D:10)
  3 ogres
  A centaur (D:10)
  4 phantoms
  8 kobold brigands
  A bullfrog (D:8)
  2 gnoll sergeants
  6 scorpions
  Dowan (D:5)
  5 wights
  6 killer bees (D:8)
  2 howler monkeys (D:10)
  2 electric eels (D:10)
  3 orc priests
  A jelly (D:6)
  6 hounds
  A gnoll bouda (D:7)
  A sleepcap (D:7)
  6 iguanas
  Natasha (thrice) (D:3)
  11 orc wizards
  Robin (D:2)
  13 gnolls
  8 adders
  A white imp (D:7)
  2 ufetubi (D:5)
  A worm (D:3)
  3 dart slugs
  31 orcs
  6 endoplasms
  3 giant cockroaches
  29 goblins
  5 hobgoblins
  6 jackals
  24 kobolds
  3 quokkas
  7 ball pythons
  4 bats
  6 frilled lizards
  11 rats
277 creatures vanquished.

Vanquished Creatures (collateral kills)
  Maggie (D:6)
1 creature vanquished.

Vanquished Creatures (others)
  An orc wizard (D:5)
  A ball python (D:3)
  A goblin (D:3)
3 creatures vanquished.

Grand Total: 281 creatures vanquished

Notes
Turn   | Place    | Note
-------+----------+-------------------------------------------
     0 | D:1      | TheDoctor the Draconian Berserker began the quest for the
                  | Orb.
     0 | D:1      | Reached XP level 1. HP: 19/19 MP: 1/1
   148 | D:1      | Reached XP level 2. HP: 26/26 MP: 2/2
   262 | D:1      | Reached ** piety under Trog
   473 | D:1      | Reached XP level 3. HP: 26/33 MP: 3/3
   594 | D:1      | Found a faded altar of an unknown god.
   932 | D:2      | Noticed Robin
  1069 | D:2      | Killed Robin
  1070 | D:2      | Reached skill level 1 in Maces & Flails
  1493 | D:2      | Reached XP level 4. HP: 41/41 MP: 4/4
  1709 | D:3      | Noticed Natasha
  1720 | D:3      | Killed Natasha
  1731 | D:3      | Noticed Natasha
  1768 | D:3      | Killed Natasha
  1769 | D:3      | Reached XP level 5. HP: 39/47 MP: 5/5
  1936 | D:3      | Noticed OlManJenkins's ghost (amateur HuRe)
  1949 | D:3      | Found a transporter.
  1955 | D:3      | Found a transporter.
  1984 | D:3      | Found Tuov's Distillery.
  2043 | D:3      | Reached skill level 5 in Fighting
  2118 | D:3      | Found a shimmering altar of Xom.
  2178 | D:3      | Noticed Natasha
  2186 | D:3      | Killed Natasha
  2189 | D:3      | Reached *** piety under Trog
  2512 | D:3      | Bought a potion of heal wounds for 60 gold pieces
  2635 | D:4      | Found a glowing golden altar of the Shining One.
  2759 | D:4      | Reached XP level 6. HP: 56/56 MP: 6/6
  3421 | D:4      | Your scales start taking on a rich purple colour.
  3421 | D:4      | Reached XP level 7. HP: 63/63 MP: 7/7
  3550 | D:5      | Entered Level 5 of the Dungeon
  3963 | D:5      | Reached skill level 5 in Dodging
  3980 | D:5      | Reached **** piety under Trog
  3988 | D:5      | Reached skill level 5 in Maces & Flails
  3988 | D:5      | Reached XP level 8. HP: 73/73 MP: 8/8
  4413 | D:5      | Noticed Duvessa
  4413 | D:5      | Noticed Dowan
  4458 | D:5      | Killed Duvessa
  4459 | D:5      | Killed Dowan
  4848 | D:6      | Noticed Maggie
  4921 | D:6      | Found a stormy altar of Qazlal.
  5425 | D:6      | Killed Maggie
  5426 | D:6      | Reached XP level 9. HP: 72/82 MP: 9/9
  5526 | D:6      | Identified the +4 long sword "Sillic" {flame, rF+}
  5760 | D:7      | Reached skill level 1 in Long Blades
  5760 | D:7      | Reached skill level 1 in Evocations
  6015 | D:7      | Found a staircase to the Ecumenical Temple.
  6026 | Temple   | Entered the Ecumenical Temple
  6258 | D:7      | Noticed a troll
  6277 | D:7      | Killed a troll
  7455 | D:8      | Found a blossoming altar of Fedhas.
  7538 | D:8      | Reached XP level 10. HP: 90/90 MP: 10/10
  7905 | D:8      | Noticed an ice statue
  8008 | D:8      | Noticed an obsidian statue
  8060 | D:8      | Reached skill level 5 in Evocations
  8146 | D:8      | Reached skill level 5 in Long Blades
  8667 | D:9      | Noticed a two-headed ogre
  8837 | D:9      | Killed a two-headed ogre
  8964 | D:9      | Found a bloodstained altar of Trog.
  9316 | D:10     | Entered Level 10 of the Dungeon
  9713 | D:10     | Found a staircase to the Lair.
  9997 | D:10     | Reached XP level 11. HP: 85/95 MP: 11/11
 11284 | D:10     | Reached ***** piety under Trog
 11536 | D:11     | Noticed Fannar
 11551 | D:11     | Killed from afar by Fannar

Illustrated notes

Levels and vault maps discovered:
D:1:      heliophobic_arrival_ceremonial_halls, layout_basic,
          hellmonk_ecumenical_altar_slurped_away, minmay_surrounded
D:2:      layout_loops_ring, grunt_ministairs_6, uniq_robin
D:3:      layout_rooms, xom_confusion_cloud, serial_shops, shop,
          gammafunk_ghost_gnarly_gnolls, chequers_serial_rivers_micro_e,
          kennysheep_cross_bottleneck, uniq_natasha
D:4:      layout_basic, tso_metal_star
D:5:      layout_loops_ring, st_stairs_12, abandoned_shop, uniq_duvessa
D:6:      layout_rooms, mainiacjoe_overflow_catwalk, minmay_ogre_servants,
          uniq_maggie
D:7:      layout_loops_ring, minmay_temple_entry_gardened_gates,
          kennysheep_generic_room_7
D:8:      minmay_separated_statues, layout_cave_pools, lemuel_tele_altar,
          enter_bailey_3
D:9:      layout_gridville, lemuel_coloured_pillars_altar, special_room
          [special_room_kobold], chequers_serial_rivers_small_a
D:10:     layout_roguey, erik_lair_island, minmay_splitting_lines
D:11:     layout_cave_pools, minmay_orc_entry_temple_small, st_stairs_10,
          nrook_guardian_serpent_double, uniq_fannar
Temple:   minmay_crystal_spiral_temple

Skill      XL: |  1  2  3  4  5  6  7  8  9 10 11 |
---------------+----------------------------------+-----
Fighting       | 4 5 6 7 8 |  8.6
Maces & Flails | 1 2 3 5 6 |  6.7
Dodging        | 3 4 5 6 7 8 |  8.4
Long Blades    | 4 6 7 |  7.4
Evocations     | 4 7 8 |  8.2
Shields        | 3 4 |  4.9
Axes           | |  3.6

Action                     |  1- 3 |  4- 6 |  7- 9 | 10-12 || total
---------------------------+-------+-------+-------+-------++-------
  Melee: Hand axe          |    73 |       |       |       ||    73
         Tailslap          |     9 |    25 |    52 |    56 ||   142
         Whip              |    54 |   179 |   233 |       ||   466
         Punch             |       |     2 |     7 |     7 ||    16
         Long sword        |       |       |   137 |   368 ||   505
  Throw: Dart              |     1 |       |       |       ||     1
 Invoke: Berserk           |     1 |     4 |     6 |     4 ||    15
         Trog's Hand       |       |       |     2 |     1 ||     3
         Brothers in Arms  |       |       |     1 |       ||     1
Ability: Breathe Dispellin |       |       |     4 |     6 ||    10
  Evoke: Wand              |       |       |     7 |     6 ||    13
    Use: Scroll            |       |     5 |     4 |       ||     9
   Stab: Sleeping          |       |       |     1 |       ||     1
         Paralysed         |       |       |     3 |       ||     3
 Armour: Skin              |    33 |    49 |   115 |   139 ||   336
  Dodge: Dodged            |    78 |    90 |   203 |   381 ||   752
  Block: Tower shield      |       |       |       |    70 ||    70
